 Dungeon Crawl Stone Soup version 0.28.0 (webtiles) character file.

Game seed: 7573936452199600167

404 fragbeetle the Chopper (level 6, 0/51 HPs)
             Began as a Hill Orc Cinder Acolyte on Feb 6, 2022.
             Was a High Priest of Ignis.
             Slain by a gnoll (9 damage)
             ... on level 4 of the Dungeon.
             The game lasted 00:06:46 (4849 turns).

fragbeetle the Chopper (Hill Orc Cinder Acolyte)    Turns: 4849, Time: 00:06:47

Health: 0/51       AC:  6    Str: 19    XL:     6   Next: 86%
Magic:  6/9        EV: 10    Int: 14    God:    Ignis [*****.]
Gold:   144        SH:  0    Dex:  6    Spells: 7/9 levels left

rFire   + . .      SeeInvis .   a - -1 hand axe (flame)
rCold   . . .      Faith    .   (no shield)
rNeg    . . .      Spirit   .   g - +0 ring mail
rPois   .          Reflect  .   (no helmet)
rElec   .          Harm     .   (no cloak)
rCorr   .          Rampage  .   l - +0 pair of gloves
Will    .....                   (no boots)
Stlth   ..........              (no amulet)
HPRegen 0.17/turn               (no ring)
MPRegen 0.11/turn               (no ring)

@: no status effects
A: no striking features
a: Renounce Religion, Fiery Armour, Foxfire Swarm, Rising Flame


You were on level 4 of the Dungeon.
You worshipped Ignis.
Ignis was extremely pleased with you.
You visited 1 branch of the dungeon, and saw 4 of its levels.

You collected 218 gold pieces.
You spent 74 gold pieces at shops.

Inventory:

Hand Weapons
 a - a -1 hand axe of flaming (weapon)
 k - a +2 dagger of venom
 u - a +0 hunting sling
 w - a +2 short sword of holy wrath
Missiles
 d - 67 sling bullets
 t - 2 throwing nets
Armour
 b - a +0 robe
 g - a +0 ring mail (worn)
 l - a +0 pair of gloves (worn)
Magical Staves
 v - a staff of death
Scrolls
 c - 3 scrolls of teleportation
 e - a scroll of fog {unknown}
 h - 3 scrolls of identify
 i - a scroll of immolation {unknown}
 m - a scroll of enchant armour {unknown}
 n - a scroll of fear {unknown}
 o - 2 scrolls of vulnerability {unknown}
 q - a scroll of noise
Potions
 f - a potion of resistance {unknown}
 j - 2 potions of heal wounds
 p - a potion of might {unknown}
 r - a potion of flight {unknown}
 s - 2 potions of mutation {unknown}
 x - a potion of invisibility {unknown}


   Skills:
 - Level 3.6 Fighting
 * Level 7.6 Axes
 * Level 2.4 Spellcasting
 - Level 5.0 Fire Magic


You had 7 spell levels left.
You knew the following spells:

 Your Spells              Type           Power      Damage    Failure   Level
a - Scorch                Fire           30%        2d6       8%          2

Your spell library contained the following spells:

 Spells                   Type           Power      Damage    Failure   Level
 Corpse Rot               Necr/Air       2%         N/A       52%         2
 Poisonous Vapours        Pois/Air       2%         N/A       52%         2


Dungeon Overview and Level Annotations

Branches:
Dungeon (4/15)
 Temple: D:4-7

Altars:
Elyvilon
Fedhas
Yredelemnul

Shops:
D:3 *[***


Message History

The gnoll closely misses you. The gnoll hits you with a +0 flail!
The gnoll closely misses you.
There is an open door here.
You completely miss the gnoll. You barely miss the gnoll. x2
The gnoll closely misses you. The gnoll misses you.
The gnoll barely misses you.
You hit the gnoll. You burn the gnoll.
The gnoll is heavily wounded.
You closely miss the gnoll. x2; The gnoll hits you but does no damage.
The gnoll hits you with a +0 flail. The gnoll hits you but does no damage.
You barely miss the gnoll.
The gnoll is heavily wounded.
You hit the gnoll but do no damage. You closely miss the gnoll.
The gnoll hits you but does no damage. x2; The gnoll hits you with a +0 spear.
You slash the gnoll! You burn the gnoll.
You kill the gnoll!
You hit the gnoll but do no damage. You closely miss the gnoll.
The gnoll hits you with a +0 flail. x2
The gnoll misses you.
Things that are here:
a +0 spear; a gnoll corpse You barely miss the gnoll.
The gnoll is moderately wounded.
You hit the gnoll but do no damage. The gnoll barely misses you.
The gnoll hits you with a +0 flail.
You hit the gnoll. You burn the gnoll.
The gnoll is moderately wounded.
You hit the gnoll. You burn the gnoll. The gnoll completely misses you.
The gnoll hits you with a +0 flail!
You hit the gnoll but do no damage. Your punch misses the gnoll.
The gnoll is moderately wounded.
You closely miss the gnoll. The gnoll hits you with a +0 flail!
* * * LOW HITPOINT WARNING * * *
The gnoll closely misses you.
You hit the gnoll but do no damage.
The gnoll is moderately wounded.
You hit the gnoll. You burn the gnoll. The gnoll hits you with a +0 flail.
* * * LOW HITPOINT WARNING * * *
The gnoll hits you with a +0 flail!
You die...

#...#..... #...#.... #...+...
<..#.. #....#### #.)..#..+
#....#..# . ######....#..#
#....#@...#..#####
#....gg...#......######
#######....#....#..##........
#..........#....#..##........
#..........#....'............
#..........'....#............
#....##....#....######'##..##
#....##....#............#..##
#..........#............#....


You could see 2 gnolls.

Vanquished Creatures
  A necrophage (D:4)
  A hound (D:4)
  An orc priest (D:4)
  Jessica (D:2)
  An iguana (D:4)
  2 orc wizards (D:4)
  2 gnolls (D:4)
  2 adders
  4 worms
  4 dart slugs
  7 orcs
  A ball python (D:2)
  7 endoplasms
  3 giant cockroaches
  11 hobgoblins
  10 jackals
  3 quokkas
  5 bats
  3 frilled lizards (D:2)
  12 goblins
  4 kobolds
  3 rats
88 creatures vanquished.

Vanquished Creatures (others)
  4 plants (D:3)
4 creatures vanquished.

Grand Total: 92 creatures vanquished

Notes
Turn   | Place    | Note
-------+----------+-------------------------------------------
     0 | D:1      | fragbeetle the Hill Orc Cinder Acolyte began the quest for
                  | the Orb.
     0 | D:1      | Reached XP level 1. HP: 19/19 MP: 2/2
   421 | D:1      | Reached XP level 2. HP: 26/26 MP: 3/3
   938 | D:1      | Found a faded altar of an unknown god.
  1268 | D:2      | Learned a level 2 spell: Scorch
  1455 | D:2      | Reached XP level 3. HP: 31/31 MP: 4/4
  1617 | D:2      | Reached skill level 5 in Axes
  1975 | D:2      | Noticed Jessica
  1979 | D:2      | Killed Jessica
  1980 | D:2      | Reached XP level 4. HP: 31/39 MP: 5/5
  2735 | D:3      | Found Jin Izah's General Store.
  2740 | D:3      | Bought a scroll of teleportation for 39 gold pieces
  2740 | D:3      | Bought a scroll of noise for 13 gold pieces
  2746 | D:3      | Found Moazixka's Antique Armour Boutique.
  2950 | D:3      | Found a blossoming altar of Fedhas.
  3117 | D:3      | Found Qoclexatz's General Store.
  3208 | D:3      | Bought a scroll of identify for 22 gold pieces
  3280 | D:3      | Reached XP level 5. HP: 43/45 MP: 6/6
  3309 | D:3      | Found a white marble altar of Elyvilon.
  3353 | D:3      | Found Pagiow's General Store.
  3475 | D:3      | Found a basalt altar of Yredelemnul.
  3559 | D:3      | Found Porae's General Store.
  3584 | D:3      | Reached skill level 6 in Axes
  3898 | D:4      | Noticed a necrophage
  3921 | D:4      | Killed a necrophage
  3922 | D:4      | Reached skill level 5 in Fire Magic
  3922 | D:4      | Reached XP level 6. HP: 25/51 MP: 3/8
  4214 | D:4      | Reached skill level 7 in Axes
  4849 | D:4      | Slain by a gnoll

Illustrated notes

Levels and vault maps discovered:
D:1:      ebering_hopf_link, layout_basic, shapermc_ecumenical_altar_acropolis
D:2:      layout_loops_corners, minmay_nonomino_d4, uniq_jessica
D:3:      corexii_shack_village, layout_loops_ring, elyvilon_altar_5,
          fedhas_altar_1, mainiacjoe_overflow_surrounded_room, serial_shops,
          nicolae_square_shop, shop, shop, nicolae_shop_hallway_plus,
          nicolae_shop_temple_entry_statues_fountains
D:4:      layout_gridville, mainiacjoe_overflow_cross_hatched, serial_shops,
          shop_fountains, nicolae_shop_advertising_works
          [nicolae_subvault_shop_adworks], nicolae_shop_behind_doors,
          uniq_menkaure

Skill      XL: |  1  2  3  4  5  6 |
---------------+-------------------+-----
Fire Magic     | 4 5 |  5.0
Axes           | 5 6 7 |  7.6
Spellcasting   | 2 |  2.4
Fighting       | |  3.6

Action                   |  1- 3 |  4- 6 || total
-------------------------+-------+-------++-------
Melee: Hand axe          |    87 |   220 ||   307
       Punch             |       |     4 ||     4
 Fire: Hunting sling     |       |     3 ||     3
 Cast: Scorch            |     1 |     8 ||     9
Invok: Fiery Armour      |       |     1 ||     1
  Use: Scroll            |       |     1 ||     1
Armor: Ring mail         |    32 |    83 ||   115
Dodge: Dodged            |    32 |   116 ||   148
